 Dungeon Crawl Stone Soup version 0.18-a0-116-g2d311b1 (webtiles) character file.

433 Proton the Chopper (level 6, -4/55 HPs)
             Began as a Deep Dwarf Fighter on Nov 16, 2015.
             Slain by an orc warrior
             ... wielding a +0 war axe
              (10 damage)
             ... on level 4 of the Dungeon.
             The game lasted 00:06:06 (2635 turns).

Proton the Chopper (Deep Dwarf Fighter)             Turns: 2635, Time: 00:06:06

Health: -4/55      AC: 13    Str: 22    XL:     6   Next: 67%
Magic:  6/6        EV:  8    Int:  8    God:
Gold:   191        SH:  0    Dex: 12    Spells: 0 memorised, 5 levels left

rFire  . . .     SeeInvis .     a - +0 war axe
rCold  . . .     Clarity  .     n - +0 chain mail
rNeg   . . .     SustAt   .     (no shield)
rPois  .         Gourm    .     o - +0 helmet
rElec  .         Spirit   .     (no cloak)
rCorr  .         Warding  .     q - +1 pair of gloves
rMut   .         Stasis   +     (no boots)
MR     .....                    y - amulet of stasis
Stlth  ..........               (no ring)
                                p - ring of stealth

@: non-regenerating, not resistant to hostile enchantments, extremely unstealthy
A: damage resistance, recharge devices, sense surroundings 1, slow regeneration
3
a: Device Recharging


You were on level 4 of the Dungeon.
You were very hungry.

You visited 2 branches of the dungeon, and saw 5 of its levels.

You collected 191 gold pieces.

Inventory:

Hand Weapons
 a - a +0 war axe (weapon)
Armour
 n - a +0 chain mail (worn)
 o - a +0 helmet (worn)
 q - a +1 pair of gloves (worn)
Jewellery
 c - an uncursed amulet of warding {unknown}
 p - a ring of stealth (left hand)
 y - an amulet of stasis (around neck)
Wands
 e - a wand of heal wounds (4)
Scrolls
 b - 3 scrolls of remove curse {unknown}
 g - 2 scrolls of identify {unknown}
 j - 3 scrolls of fear {unknown}
 m - a scroll of immolation {unknown}
 r - a scroll of enchant armour {unknown}
 s - 2 scrolls of recharging {unknown}
 t - a scroll of noise {unknown}
 u - a scroll of magic mapping {unknown}
 w - a scroll of teleportation {unknown}
Potions
 d - 3 potions of might
 h - 2 potions of degeneration {unknown}
 i - 3 potions of brilliance {unknown}
 l - 3 potions of heal wounds {unknown}
 v - a potion of magic {unknown}
 x - a potion of lignification {unknown}
 z - a potion of curing {unknown}
 A - 2 potions of cancellation {unknown}
 B - a potion of resistance {unknown}
Comestibles
 f - 3 bread rations
 k - a meat ration


   Skills:
 - Level 2.6 Fighting
 * Level 6.5 Axes
 + Level 5.5 Armour
   Level 3.2 Shields


You had 5 spell levels left.
You didn't know any spells.

Dungeon Overview and Level Annotations

Branches:
Dungeon (4/15)             Temple (1/1) D:4

Altars:
Ashenzari
Cheibriados
Dithmenos
Elyvilon
Fedhas
Gozag
Kikubaaqudgha
Makhleb
Nemelex Xobeh
Okawaru
Qazlal
Sif Muna
Trog
Vehumet
Xom
Yredelemnul
Zin
The Shining One


Innate Abilities, Weirdness & Mutations

You are resistant to damage.
You can recharge devices by infusing magical energy.
You passively map a small area around you.
You do not regenerate naturally.


Message History

Zapping:
e - a wand of heal wounds (5)
Press: ? - help, Shift-Dir - straight line, f - you You feel much better.
This wand has 4 charges left.
You closely miss the orc warrior.
The orc warrior hits you but does no damage.
You hit the orc warrior but do no damage.
The orc warrior hits you with a war axe!
Your chain mail prevents you from hitting the orc warrior.
You slash the orc warrior!
The orc warrior is severely wounded.
The orc warrior hits you with a war axe.
* * * LOW HITPOINT WARNING * * *
You barely miss the orc warrior.
The orc warrior is severely wounded.
The orc warrior hits you with a war axe!
* * * LOW HITPOINT WARNING * * *
You hit the orc warrior but do no damage.
The orc warrior is severely wounded.
The orc warrior hits you with a war axe!
You die...

#.#.#####)#[#.#.#.#.#.#
#.#........#.#.#.#.#.#.
#.#.#####.#.#.#.#.#.#.# #.#.#
.#..#.#.#.#.#.#. #.#.#,
.#.#.#.#.#.#.#.# #.#.#
.#..#.#.#.#.#.#. #.#..
.#.#.#.#.#.#.#.# ########
#.#####o#..#.#.#.#.#.#. #......#
#.....@.#.#.#.#.#.#.#.#
#......###.#####.#..#.#.#.#...#.
#..........#.., .#.#.#.#.#+....#
##..........#.# .#..#.#.#.#...#.
............#.#
*.#.######.#...##
#####.......#.# .#....###+###.##
#.......#.#####.##.#.....#.##
#.......#.......##.#.###.#.##
#.......#.#####....'.#>#.'...


You could see an orc warrior.

Vanquished Creatures
  2 crimson imps (D:3)
  A hound (D:4)
  3 orc priests (D:4)
  An orc wizard (D:4)
  4 gnolls (D:3)
  8 adders
  2 oozes
  4 worms
  A giant gecko (D:2)
  7 orcs (D:4)
  6 bats
  4 giant cockroaches
  6 hobgoblins
  A ball python (D:1)
  5 giant newts
  8 goblins
  12 jackals
  6 kobolds
  6 rats
87 creatures vanquished.

Notes
Turn   | Place    | Note
--------------------------------------------------------------
     0 | D:1      | Proton the Deep Dwarf Fighter began the quest for the Orb.
     0 | D:1      | Reached XP level 1. HP: 20/20 MP: 1/1
   372 | D:1      | Reached XP level 2. HP: 24/27 MP: 2/2
   704 | D:2      | Reached XP level 3. HP: 29/33 MP: 3/3
   744 | D:2      | Reached skill level 4 in Armour
  1057 | D:2      | Reached XP level 4. HP: 29/40 MP: 4/4
  1502 | D:3      | Reached XP level 5. HP: 28/46 MP: 5/5
  1571 | D:3      | Reached skill level 5 in Axes
  1724 | D:3      | Found an iron altar of Okawaru.
  1797 | D:3      | Reached skill level 5 in Armour
  2137 | D:4      | Reached XP level 6. HP: 16/55 MP: 6/6
  2137 | D:4      | Reached skill level 6 in Axes
  2471 | D:4      | Found a staircase to the Ecumenical Temple.
  2483 | Temple   | Entered the Ecumenical Temple
  2635 | D:4      | Slain by an orc warrior

Vault maps used:
D:1:      minmay_arrival_stone_box, serial_bayou_pond_b, minmay_liquid_box
D:2:      forest_paths, first_bread, grunt_decor_cap
D:3:      okawaru_metal_pillars_1_2
D:4:      minmay_temple_entry_glassed_door, kennysheep_nondescript,
          roderic_lattice_a, trog_wizard
Temple:   grunt_circular_temple_18

Action                   |  1- 3 |  4- 6 || total
-------------------------+-------+-------++-------
Melee: War axe           |    81 |   157 ||   238
       Whip              |    18 |    39 ||    57
Evoke: Wand              |       |     1 ||     1
  Eat: Meat ration       |       |     1 ||     1
